Map: 오토메이턴 - 래더

Players

GuMiho - Winner!

  • Race: Terran Terran
  • League: Grandmaster
  • Spawn Location: 3:00

Hurricane

  • Race: Protoss Protoss
  • League: Master
  • Spawn Location: 9:00

Event: IEM Season 13 - Katowice Server Qualifiers Asia 2

VOD

Have the link to the VOD?

Description

Time

  • Played on: Jan. 22, 2019, 5:56 a.m.
  • Length: 7:55

All games in this series

Show
View Real Time Build Order
Export as new Build Order

GuMiho Terran - Winner!

Build Orders: Gas First Reaper Expand, Liberator Opening 

Get SALT Encoding   

  12  0:00  SCV  
  13  0:12  SCV  
  14  0:18  Supply Depot  
  14  0:24  SCV  
  15  0:29  Refinery  
  15  0:39  SCV  
  16  0:45  Barracks  
  16  0:51  SCV  
  17  1:03  SCV  
  18  1:15  SCV  
  19  1:32  Reaper, Orbital Command  
  20  1:49  Command Center  
  20  1:56  Factory  
  20  2:00  SCV  
  21  2:05  Barracks Reactor  
  21  2:12  SCV  
  22  2:16  Supply Depot  
  22  2:22  Refinery  
  22  2:24  SCV  
  23  2:37  SCV  
  23  2:43  Starport  
  24  2:49  SCV, Hellion x2  
  29  3:01  Orbital Command  
  29  3:03  SCV  
  29  3:04  Liberator  
  30  3:11  Hellion  
  32  3:15  Barracks Tech Lab, Hellion  
  35  3:26  SCV  
  38  3:32  Supply Depot  
  38  3:36  SCV  
  38  3:38  SCV  
  40  3:48  SCV  
  42  3:49  Cyclone  
  42  3:50  SCV  
  42  3:51  Supply Depot  
  44  3:56  Marine  
  44  3:57  Marine  
  44  4:00  SCV  
  44  4:02  SCV  
  48  4:04  Medivac  
  50  4:12  SCV  
  50  4:14  Barracks, SCV  
  50  4:16  Marine x2  
  54  4:22  Cyclone  
  57  4:24  SCV  
  57  4:26  SCV  
  59  4:33  Barracks  
  59  4:34  Marine x2  
  58  4:39  SCV x2  
  58  4:45  Engineering Bay  
  60  4:46  Supply Depot  
  60  4:49  Supply Depot  
  60  4:52  SCV x2  
  62  5:00  Bunker  
  62  5:01  Stimpack  
  62  5:05  Factory Tech Lab  
  62  5:08  Marine, SCV x2  
  62  5:10  Supply Depot  
  65  5:19  Marine  
  65  5:20  Marine, SCV x2  
  65  5:25  Terran Infantry Weapons Level 1  
  65  5:26  Marauder, Barracks Tech Lab  
  65  5:28  Siege Tank  
  64  5:32  Refinery, SCV x2  
  64  5:33  Refinery  
  66  5:36  Missile Turret  
  66  5:38  Marine x2  
  68  5:44  SCV x2, Supply Depot  
  68  5:45  Marine  
  68  5:47  Marine, Starport Reactor  
  72  5:53  Combat Shield  
  72  5:56  SCV x2  
  74  5:58  Supply Depot  
  74  5:59  Marine x2  
  74  6:03  Marine  
  77  6:05  Marine  
  77  6:08  Siege Tank  
  77  6:11  Missile Turret  
  81  6:13  Supply Depot  
  81  6:16  Marine x2  
  83  6:21  Marine  
  83  6:22  Marine  
  83  6:24  Medivac  
  87  6:26  Medivac  
  88  6:38  SCV  
  88  6:40  Marine x3  
  88  6:41  Marine  
  92  6:47  Factory Reactor, Command Center  
  92  6:50  SCV x2  
  94  6:59  Barracks, Marauder x2  
  94  7:00  Marine x2  
  100  7:02  Barracks  
  100  7:03  Supply Depot  
  100  7:05  Supply Depot  
  100  7:09  Medivac x2  
  104  7:17  Marine  
  104  7:18  Marine  
  104  7:21  Marauder, SCV x2  
  107  7:35  SCV x2  
  107  7:37  Marine  
Show
View Real Time Build Order
Export as new Build Order

Hurricane Protoss 

Build Orders: 1 Gate Expand, Oracle Opening, Phoenix Opening, Zealot Archon 

Get SALT Encoding   

  12  0:00  Probe  
  13  0:12  Probe  
  14  0:19  Pylon  
  14  0:24  Probe  
  15  0:33  Probe  
  15  0:37  Gateway  
  15  0:41  Probe  
  16  0:47  Assimilator  
  17  0:51  Probe  
  18  1:03  Probe  
  19  1:15  Probe  
  20  1:25  Nexus  
  20  1:34  Cybernetics Core  
  20  1:38  Probe  
  21  1:44  Assimilator  
  21  1:50  Probe  
  22  1:57  Pylon  
  22  2:02  Probe  
  22  2:06  Adept  
  23  2:15  Probe  
  26  2:19  Stargate  
  26  2:27  Probe  
  26  2:28  Warp Gate  
  27  2:32  Adept  
  27  2:34  Probe  
  27  2:36  Probe  
  29  2:42  Probe  
  31  2:44  Probe  
  33  2:51  Probe  
  33  2:54  Oracle  
  33  2:55  Probe  
  35  3:04  Probe  
  39  3:08  Probe  
  39  3:11  Stalker  
  42  3:16  Probe  
  42  3:19  Pylon  
  43  3:22  Probe  
  44  3:28  Probe  
  44  3:31  Phoenix  
  46  3:37  Probe  
  46  3:41  Probe  
  48  3:44  Gateway  
  48  3:48  Gateway, Phoenix  
  48  3:49  Probe  
  49  3:56  Probe  
  49  3:58  Pylon  
  52  4:05  Probe  
  52  4:08  Probe  
  54  4:13  Assimilator  
  54  4:16  Phoenix  
  56  4:17  Probe  
  56  4:18  Assimilator  
  57  4:25  Probe  
  57  4:29  Probe  
  58  4:38  Robotics Facility  
  58  4:40  Probe  
  58  4:42  Pylon  
  58  4:45  Probe  
  62  4:57  Probe  
  61  5:01  Stalker x3  
  61  5:02  Probe  
  61  5:04  Pylon  
  68  5:10  Probe  
  68  5:14  Probe  
  68  5:20  Observer  
  66  5:25  Probe  
  66  5:26  Probe  
  69  5:30  Nexus  
  69  5:40  Twilight Council  
  69  5:41  Observer, Forge  
  69  5:42  Probe  
  71  5:45  Probe  
  72  5:51  Observer  
  72  5:54  Probe  
  72  5:55  Sentry  
  72  5:56  Sentry  
  77  5:57  Probe  
  77  5:58  Charge, Protoss Ground Armor Level 1  
  77  5:59  Pylon  
  77  6:03  Pylon  
  78  6:07  Immortal  
  78  6:17  Probe x2  
  84  6:27  Gateway  
  84  6:29  Probe  
  84  6:31  Probe  
  85  6:41  Probe  
  85  6:43  Observer, Probe x2  
  85  6:45  Gateway  
  85  6:46  Gateway x2  
  88  6:48  Templar Archives  
  88  6:53  Probe  
  90  6:58  Gateway  
  90  7:01  Immortal  
  90  7:08  Pylon  
  94  7:09  Shield Battery  
  94  7:15  Zealot x3  
  100  7:23  Pylon  
  100  7:24  Pylon  
  100  7:28  Zealot  
  73  7:40  High Templar x2  
  73  7:41  Zealot x4  
  75  7:45  Archon  
  75  7:49  Zealot  

Tags
 
Add a new tag
Caveats
  • Supply blocks, unpowered buildings, or Contaminate may cause inaccurate times.
  • Supply counts are checked every 10 seconds.